[Event "Titled Tuesday Blitz February 15 Late 2022"]
[White "Brunner, Nicolas"]
[Black "Demchenko, Anton"]
[WhiteFideId "620246"]
[BlackFideId "4160258"]
[WhiteElo "2372"]
[BlackElo "2539"]
[Result "0-1"]
[Round "03"]
[TimeControl "180+1"]
[Date "2022.02.16"]
[WhiteClock "0:00:19"]
[BlackClock "0:00:45"]

1. d4 Nf6 2. c4 d6 3. Nf3 Nbd7 4. Nc3 e5 5. e4 Be7 6. Be2 c6 7. O-O Qc7 8. Be3 Nf8 9. d5 Ng6 10. g3 Bh3 11. Re1 h6 12. Rc1 O-O 13. b4 a5 14. dxc6 bxc6 15. b5 Ng4 16. bxc6 Nxe3 17. fxe3 Qxc6 18. Nd5 Qc5 19. Rb1 Rab8 20. Qa4 Be6 21. Rb5 Rxb5 22. Qxb5 Qa7 23. Bd3 Rb8 24. Qa4 Bd7 25. Qc2 Bg4 26. Nd2 Bd8 27. Rb1 Rxb1+ 28. Qxb1 Be6 29. Kf2 Bg5 30. Nf1 Nf8 31. h4 Bd8 32. Bc2 Nd7 33. Ba4 Nc5 34. Bb5 a4 35. Nd2 Qa5 36. Qb4 Nd3+ 0-1


[Site "https://www.chess.com"]

[Event "Titled Tuesday Blitz February 15 Late 2022"]
[White "Burke, Paul"]
[Black "Ladan, Nicholas"]
[WhiteFideId "2605767"]
[BlackFideId "30918855"]
[WhiteElo "1827"]
[BlackElo "2335"]
[Result "0-1"]
[Round "03"]
[TimeControl "180+1"]
[Date "2022.02.16"]
[WhiteClock "0:00:02"]
[BlackClock "0:00:04"]

1. e4 e5 2. Nf3 Nc6 3. Bc4 Nf6 4. d4 exd4 5. O-O Nxe4 6. Re1 d5 7. Bxd5 Qxd5 8. Nc3 Qd7 9. Nxe4 Be7 10. Bg5 O-O 11. Bxe7 Qxe7 12. Neg5 Qf6 13. Ne4 Qg6 14. Nxd4 Bg4 15. Nxc6 bxc6 16. f3 Rad8 17. Qe2 Be6 18. c4 h6 19. b3 Qf5 20. Ng3 Qc5+ 21. Qf2 Qa5 22. Red1 Rd6 23. Ne4 Rxd1+ 24. Rxd1 Re8 25. Nc5 Bf5 26. h3 Qc3 27. Na4 Qa5 28. Nc5 h5 29. Na4 g6 30. Nc5 Qc3 31. Na4 Qa5 32. Nc5 Qb6 33. Nd3 Bxd3 34. Qxb6 axb6 35. Rxd3 Ra8 36. a4 Kf8 37. Rd7 Ra7 38. Rd8+ Ke7 39. Rd4 c5 40. Re4+ Kd7 41. Kf2 Ra8 42. Ke3 f5 43. Re5 Kd6 44. f4 Rf8 45. Kd3 c6 46. Ke3 Rd8 47. g3 g5 0-1


[Site "https://www.chess.com"]

[Event "Titled Tuesday Blitz February 15 Late 2022"]
[White "Chabris, Christopher"]
[Black "Gurevich, Dmitry"]
[WhiteFideId "2005263"]
[BlackFideId "2000407"]
[WhiteElo "2311"]
[BlackElo "2506"]
[Result "1-0"]
[Round "03"]
[TimeControl "180+1"]
[Date "2022.02.16"]
[WhiteClock "0:00:22"]
[BlackClock "0:01:36"]

1. e4 c5 2. Nf3 d6 3. Bb5+ Bd7 4. Bxd7+ Qxd7 5. O-O Nc6 6. Qe2 Nf6 7. Rd1 e6 8. d4 cxd4 9. Nxd4 Be7 10. c4 O-O 11. b3 Rac8 12. Bb2 Rfd8 13. Nc3 a6 14. Rd3 Nxd4 15. Rxd4 Qc6 16. a4 Nd7 17. Nd5 Bf8 18. Ne3 Qb6 19. a5 Qxb3 20. Rd3 Qb4 21. Bc3 Qc5 22. Rb1 Qc6 23. Ng4 h5 24. Nh6+ gxh6 25. Rg3+ Kh7 26. Qxh5 Ne5 27. Bxe5 1-0


[Site "https://www.chess.com"]

[Event "Titled Tuesday Blitz February 15 Late 2022"]
[White "Coelho, Ramyres Santana"]
[Black "Tomiello, Mateus Costamilan"]
[WhiteFideId "2120690"]
[BlackFideId "22701958"]
[WhiteElo "1888"]
[BlackElo "1975"]
[Result "1-0"]
[Round "03"]
[TimeControl "180+1"]
[Date "2022.02.16"]
[WhiteClock "0:00:51"]
[BlackClock "0:00:46"]

1. e4 e5 2. Nf3 Nc6 3. d4 exd4 4. Bc4 Nf6 5. e5 d5 6. Bb5 Ne4 7. Nxd4 Bd7 8. Bxc6 bxc6 9. O-O Bc5 10. f3 Ng5 11. f4 Ne4 12. Nc3 Nxc3 13. bxc3 Qe7 14. Qd3 O-O 15. Be3 Bb6 16. Rae1 c5 17. Nf5 Bxf5 18. Qxf5 Qe6 19. Qh5 d4 20. f5 Qxe5 21. Bxd4 Qd5 22. Re5 Qd6 23. f6 Rfe8 24. Qg5 g6 25. Re7 Rxe7 26. Qh6 1-0


[Site "https://www.chess.com"]

[Event "Titled Tuesday Blitz February 15 Late 2022"]
[White "Corrales Jimenez, Fidel"]
[Black "Yoo, Christopher Woojin"]
[WhiteFideId "3506690"]
[BlackFideId "30909694"]
[WhiteElo "2541"]
[BlackElo "2105"]
[Result "1-0"]
[Round "03"]
[TimeControl "180+1"]
[Date "2022.02.15"]
[WhiteClock "0:00:06"]
[BlackClock "0:00:02"]

1. d4 Nf6 2. c4 e6 3. Nc3 d5 4. cxd5 Nxd5 5. e4 Nxc3 6. bxc3 c5 7. Nf3 cxd4 8. cxd4 Bb4+ 9. Bd2 Bxd2+ 10. Qxd2 O-O 11. Bc4 Nd7 12. O-O b6 13. Rfe1 Bb7 14. Rad1 Rc8 15. Bb3 Re8 16. h4 h6 17. Qf4 Nf6 18. Ne5 Qd6 19. g4 Re7 20. Re3 Nd7 21. g5 hxg5 22. hxg5 Nxe5 23. dxe5 Qc7 24. Rh3 Rd7 25. Qh4 Kf8 26. g6 Rxd1+ 27. Bxd1 Qxe5 28. Rf3 f5 29. Rd3 Qf6 30. Qh5 Ke7 31. Ba4 Rd8 32. Rxd8 Kxd8 33. Qh8+ Kc7 34. Qe8 Qa1+ 35. Kh2 Qe5+ 36. Kg1 b5 37. Bxb5 Bxe4 38. Qd7+ Kb6 39. Bf1 Bc6 40. Qd8+ Qc7 41. Qd4+ Kb7 42. Qb4+ Kc8 43. Qf8+ Kb7 44. Qb4+ Ka8 45. Ba6 Bb7 46. Qf8+ Qb8 47. Bxb7+ Kxb7 48. Qxg7+ Kc6 49. Qc3+ Kd5 50. g7 Qg8 51. Qf6 Ke4 52. Qf8 Qh7 53. g8=Q Qh5 54. Qg2+ 1-0


[Site "https://www.chess.com"]

[Event "Titled Tuesday Blitz February 15 Late 2022"]
[White "De Arruda, Leandro Formes"]
[Black "Sliwicki, Damian"]
[WhiteFideId "22722009"]
[BlackFideId "1127128"]
[WhiteElo "1780"]
[BlackElo "2084"]
[Result "0-1"]
[Round "03"]
[TimeControl "180+1"]
[Date "2022.02.16"]
[WhiteClock "0:00:55"]
[BlackClock "0:01:12"]

1. d4 Nf6 2. Nf3 e6 3. e3 c5 4. Nbd2 cxd4 5. exd4 Nc6 6. c3 d5 7. Bd3 b6 8. O-O Bd6 9. Re1 O-O 10. Ne5 Bb7 11. f4 Nd7 12. Re3 Ndxe5 13. fxe5 Nxe5 14. Rxe5 Bxe5 15. dxe5 d4 16. Qh5 g6 17. Qh3 dxc3 18. bxc3 Rc8 19. Ba3 Rxc3 20. Bd6 Qg5 21. Rd1 Rxd3 22. g3 Rxd2 23. Rxd2 Qxd2 24. Bxf8 Qe1+ 25. Qf1 Qe3+ 26. Qf2 Qe4 27. Qd2 Qh1+ 28. Kf2 Qxh2+ 29. Ke3 Qxd2+ 30. Kxd2 Kxf8 0-1


[Site "https://www.chess.com"]

[Event "Titled Tuesday Blitz February 15 Late 2022"]
[White "Deac, Bogdan-Daniel"]
[Black "Musovic, Armin"]
[WhiteFideId "1226380"]
[BlackFideId "939935"]
[WhiteElo "2646"]
[BlackElo "2250"]
[Result "1-0"]
[Round "03"]
[TimeControl "180+1"]
[Date "2022.02.15"]
[WhiteClock "0:00:16"]
[BlackClock "0:00:16"]

1. e4 c6 2. Nf3 d5 3. d3 dxe4 4. dxe4 Qxd1+ 5. Kxd1 g6 6. Ne5 Nd7 7. Nd3 Bh6 8. Nd2 Ngf6 9. f3 O-O 10. a4 Rd8 11. c3 b6 12. Kc2 Bb7 13. Be2 Rac8 14. a5 Bg7 15. axb6 axb6 16. Ra7 Ba8 17. Nc4 b5 18. Na3 Ne8 19. Rd1 Nd6 20. Bf4 e5 21. Bg3 f6 22. Bf2 Bf8 23. Nc5 Nxc5 24. Bxc5 Nb7 25. Bxf8 Kxf8 26. b4 Rxd1 27. Kxd1 Nd6 28. c4 f5 29. exf5 Rd8 30. Ke1 gxf5 31. cxb5 cxb5 32. Nxb5 Nxb5 33. Bxb5 e4 34. Rxh7 Kg8 35. Rd7 Rxd7 36. Bxd7 exf3 37. g3 Kf7 38. b5 Be4 39. b6 Kf6 40. Bc8 Ke5 41. b7 Bxb7 42. Bxb7 f4 43. Kf2 fxg3+ 44. hxg3 Kd4 45. Bxf3 Ke5 46. Ke3 Kf5 47. g4+ Kg5 48. Ke4 Kg6 49. Kf4 Kg7 50. g5 Kg8 1-0


[Site "https://www.chess.com"]

[Event "Titled Tuesday Blitz February 15 Late 2022"]
[White "Degardin, Sylvain"]
[Black "Martinez Ramirez, Lennis"]
[WhiteFideId "20623070"]
[BlackFideId "3509079"]
[WhiteElo "2156"]
[BlackElo "2374"]
[Result "1-0"]
[Round "03"]
[TimeControl "180+1"]
[Date "2022.02.16"]
[WhiteClock "0:00:12"]
[BlackClock "0:00:01"]

1. d4 Nf6 2. c4 e6 3. Nf3 b6 4. g3 Ba6 5. Qa4 c5 6. dxc5 bxc5 7. Bg2 Bb7 8. O-O Be7 9. Nc3 O-O 10. Rd1 Qb6 11. Bf4 Nc6 12. Rd2 Nd4 13. Nxd4 Bxg2 14. Kxg2 cxd4 15. Nb5 Qc6+ 16. Kg1 a6 17. Rxd4 axb5 18. Qxb5 Qxb5 19. cxb5 Nd5 20. Bd2 Rfb8 21. e4 Bf6 22. Rd3 Nb6 23. Rb3 Na4 24. Bf4 Rb7 25. Rc1 Bxb2 26. Rc7 Rbb8 27. Rxd7 e5 28. Be3 Bd4 29. Bxd4 exd4 30. Rxd4 Nc5 31. Rb2 Rb6 32. Rc4 Ne6 33. a4 Kf8 34. Rd2 Ke7 35. Rd5 g5 36. Rb4 Ra5 37. Kg2 h6 38. Rc4 Rb8 39. b6 Rxd5 40. exd5 Nd8 41. a5 Ra8 42. Rc7+ Kd6 43. b7 Rb8 44. Rc8 Rxb7 45. Rxd8+ Kc5 46. Rh8 Kxd5 47. Rxh6 Ra7 48. a6 Kc5 49. Rf6 Kb5 50. Kf3 Rc7 51. Kg4 1-0


[Site "https://www.chess.com"]

[Event "Titled Tuesday Blitz February 15 Late 2022"]
[White "Dias, Joao Batista"]
[Black "Curtis, John"]
[WhiteFideId "2108240"]
[BlackFideId "3200256"]
[WhiteElo "1898"]
[BlackElo "2203"]
[Result "1-0"]
[Round "03"]
[TimeControl "180+1"]
[Date "2022.02.16"]
[WhiteClock "0:00:53"]
[BlackClock "0:00:01"]

1. e4 d5 2. exd5 Qxd5 3. Nc3 Qa5 4. Nf3 Nf6 5. Bc4 Bg4 6. h3 Bxf3 7. Qxf3 c6 8. O-O Nbd7 9. d4 e6 10. Bd2 Qc7 11. Rfe1 Bd6 12. Rad1 O-O 13. Bd3 a6 14. Ne4 Nxe4 15. Rxe4 Rfe8 16. Rg4 g6 17. Bg5 b5 18. h4 e5 19. h5 exd4 20. hxg6 hxg6 21. Rxd4 Ne5 22. Qh3 Be7 23. Bf4 Bf6 24. Bf1 Bg7 25. Rd7 Qxd7 26. Rxd7 Nxd7 27. Qxd7 Bxb2 28. Qxc6 Bg7 29. Bg5 1-0


[Site "https://www.chess.com"]

[Event "Titled Tuesday Blitz February 15 Late 2022"]
[White "Djordjevic, Vuk"]
[Black "Yedidia, Daniel"]
[WhiteFideId "902098"]
[BlackFideId "30905907"]
[WhiteElo "2463"]
[BlackElo "2490"]
[Result "1-0"]
[Round "03"]
[TimeControl "180+1"]
[Date "2022.02.16"]
[WhiteClock "0:01:15"]
[BlackClock "0:00:36"]

1. d4 Nf6 2. Bg5 c5 3. Bxf6 gxf6 4. dxc5 Qa5+ 5. c3 Qxc5 6. Nd2 Qc7 7. g3 Nc6 8. Bg2 d6 9. Ngf3 Bd7 10. O-O Bg7 11. Nc4 f5 12. e4 fxe4 13. Ng5 h6 14. Nxe4 O-O-O 15. Ncxd6+ exd6 16. Nxd6+ Kb8 17. Nxf7 Bg4 18. Qxg4 Qxf7 19. Rad1 Rxd1 20. Rxd1 Rd8 21. Rxd8+ Nxd8 22. Qb4 Be5 23. Be4 Bc7 24. a4 Bb6 25. Qd6+ Ka8 26. Qd2 a6 27. b4 Qe8 28. a5 Bxf2+ 29. Kxf2 Qxe4 30. Qxd8+ Ka7 31. Qd4+ 1-0


[Site "https://www.chess.com"]

[Event "Titled Tuesday Blitz February 15 Late 2022"]
[White "Dovbnia, Nikita"]
[Black "Polanco Nunez, Yoel Estarling"]
[WhiteFideId "54104599"]
[BlackFideId "6401783"]
[WhiteElo "2111"]
[BlackElo "2132"]
[Result "1-0"]
[Round "03"]
[TimeControl "180+1"]
[Date "2022.02.16"]
[WhiteClock "0:01:09"]
[BlackClock "0:00:28"]

1. d4 d5 2. Nc3 Nf6 3. Bf4 e6 4. e3 Bb4 5. Bd3 c5 6. Qf3 Nc6 7. dxc5 Bxc3+ 8. bxc3 Qa5 9. Ne2 Qxc5 10. O-O e5 11. Qg3 Nh5 12. Qg5 Nxf4 13. exf4 e4 14. Bxe4 O-O 15. Qxd5 Qe7 16. Nd4 Bd7 17. Rfe1 Qd8 18. Nxc6 bxc6 19. Qd3 f5 20. Rad1 Be6 21. Bxc6 Qxd3 22. Rxd3 Bxa2 23. Bxa8 Rxa8 24. Re7 Rb8 25. g3 Bc4 26. Rdd7 Rb1+ 27. Kg2 Bf1+ 28. Kf3 1-0


[Site "https://www.chess.com"]

[Event "Titled Tuesday Blitz February 15 Late 2022"]
[White "Dreev, Aleksey"]
[Black "Milosevic, Milos"]
[WhiteFideId "4100107"]
[BlackFideId "964875"]
[WhiteElo "2636"]
[BlackElo "2198"]
[Result "0-1"]
[Round "03"]
[TimeControl "180+1"]
[Date "2022.02.15"]
[WhiteClock "0:00:02"]
[BlackClock "0:00:13"]

1. d4 Nf6 2. c4 g6 3. Nc3 d5 4. Nf3 Bg7 5. Bf4 O-O 6. Rc1 c5 7. dxc5 dxc4 8. Qxd8 Rxd8 9. e3 Na6 10. c6 bxc6 11. Bxc4 Nb4 12. O-O Nd3 13. Bxd3 Rxd3 14. Ne5 Rd6 15. Rfd1 Nd5 16. Nxc6 Nxf4 17. Nxe7+ Kf8 18. Rxd6 Kxe7 19. Rd2 Bxc3 20. Rxc3 Ne6 21. f3 Bb7 22. Kf2 f5 23. h4 h6 24. b4 g5 25. hxg5 hxg5 26. b5 Rg8 27. Ra3 Ra8 28. Ra4 f4 29. e4 Kf6 30. Rc2 Ke5 31. Ra5 Kf6 32. Rd2 Ke7 33. Rb2 g4 34. fxg4 Bxe4 35. b6 axb6 36. Rxa8 Bxa8 37. Rxb6 Nc5 38. a4 Nd3+ 39. Kf1 Ne5 40. g5 Nc4 41. Rf6 Ne3+ 42. Kf2 Ng4+ 43. Kf1 Nxf6 44. gxf6+ Kxf6 45. Kf2 Kf5 46. a5 Kg4 47. a6 Bc6 48. a7 Ba8 49. Ke2 Kg3 50. Kf1 Bxg2+ 51. Ke1 f3 52. Kd2 f2 53. Ke3 Ba8 54. Ke2 Kg2 0-1


[Site "https://www.chess.com"]

[Event "Titled Tuesday Blitz February 15 Late 2022"]
[White "Ezat, Mohamed"]
[Black "Iljin, Timofey"]
[WhiteFideId "10600906"]
[BlackFideId "14110180"]
[WhiteElo "2386"]
[BlackElo "2396"]
[Result "0-1"]
[Round "03"]
[TimeControl "180+1"]
[Date "2022.02.16"]
[WhiteClock "0:00:08"]
[BlackClock "0:00:07"]

1. d4 d5 2. c4 e6 3. Nc3 Bb4 4. e3 Nf6 5. a3 Bxc3+ 6. bxc3 c5 7. cxd5 exd5 8. Bd3 O-O 9. f3 Nc6 10. Ne2 Bd7 11. O-O Re8 12. Ng3 Rc8 13. Ra2 cxd4 14. cxd4 Na5 15. e4 Qb6 16. Bc2 Nc4 17. Kh1 dxe4 18. fxe4 Ng4 19. Qf3 Qxd4 20. Qxf7+ Kh8 21. Ne2 Qd6 22. Bf4 Qe6 23. Qxe6 Bxe6 24. Bb3 Nce3 25. Bxe6 Rxe6 26. Bxe3 Nxe3 27. Rf3 Rxe4 28. h3 Re7 29. Ng3 Rce8 30. Re2 g6 31. Rd2 Kg7 32. Kh2 h5 33. Nh1 Nc4 34. Rc2 Ne5 35. Rfc3 Nc6 36. Nf2 Re3 37. Nd3 Kh6 38. Nc5 b6 39. Nd7 Nd4 40. Rxe3 Rxe3 41. Rc8 Rxa3 42. Rg8 h4 43. Ne5 Rg3 44. Ra8 a5 45. Ra7 b5 46. Nf7+ Kg7 47. Nd6+ Kf6 48. Ne4+ Ke5 49. Nxg3 hxg3+ 50. Kxg3 a4 51. Ra6 g5 52. h4 gxh4+ 53. Kxh4 Kd5 54. g4 Kc4 55. g5 Nf3+ 56. Kg4 Nxg5 57. Kxg5 Kb3 58. Kf4 a3 59. Ke3 b4 60. Kd2 Kb2 61. Ra4 b3 62. Kd1 a2 63. Kd2 a1=Q 64. Rxa1 Kxa1 65. Kc3 b2 66. Kb3 b1=Q+ 67. Ka3 Qb6 68. Ka4 Qb7 69. Ka5 Kb2 70. Ka4 Kc3 71. Ka5 Kc4 72. Ka4 Qa8# 0-1


[Site "https://www.chess.com"]

[Event "Titled Tuesday Blitz February 15 Late 2022"]
[White "Freitag, Manfred"]
[Black "Hamley, Ryan"]
[WhiteFideId "1602004"]
[BlackFideId "30959497"]
[WhiteElo "2275"]
[BlackElo "2395"]
[Result "0-1"]
[Round "03"]
[TimeControl "180+1"]
[Date "2022.02.16"]
[WhiteClock "0:00:05"]
[BlackClock "0:00:10"]

1. e4 e5 2. Nf3 Nc6 3. Bb5 Nf6 4. O-O Nxe4 5. d4 Nd6 6. Ba4 e4 7. Re1 Be7 8. Ne5 O-O 9. Nc3 Bf6 10. Bf4 Re8 11. Nxe4 Nf5 12. Nxc6 dxc6 13. Nxf6+ gxf6 14. Rxe8+ Qxe8 15. c3 Be6 16. Bc2 Qd7 17. Qh5 Kh8 18. g4 Rg8 19. h3 Rg7 20. Re1 Nd6 21. f3 Nc4 22. Qh6 Qd8 23. Bb3 Rg6 24. Qh4 Qd5 25. Kf2 c5 26. Bc2 f5 27. b3 Nd6 28. Re5 Qc6 29. gxf5 Nxf5 30. Qd8+ Kg7 31. d5 Qd6 32. Rxe6 Qxd8 33. Be5+ f6 34. Bxf5 fxe5 35. Bxg6 hxg6 36. Rxe5 Qd6 37. f4 Qf6 38. Kf3 Qh4 39. c4 Qxh3+ 40. Ke4 Qg2+ 41. Ke3 Kf6 42. Re6+ Kf5 43. Re5+ Kf6 44. Re6+ Kf7 45. Re5 Qxa2 46. Ke4 Qxb3 47. d6 Qxc4+ 48. Kf3 cxd6 49. Re4 Qxe4+ 50. Kxe4 Ke6 51. f5+ gxf5+ 52. Kf4 Kf6 0-1


[Site "https://www.chess.com"]

[Event "Titled Tuesday Blitz February 15 Late 2022"]
[White "Galchenko, Matvey"]
[Black "Zhurbinsky, David"]
[WhiteFideId "24175480"]
[BlackFideId "2072904"]
[WhiteElo "2453"]
[BlackElo "2539"]
[Result "1-0"]
[Round "03"]
[TimeControl "180+1"]
[Date "2022.02.16"]
[WhiteClock "0:00:37"]
[BlackClock "0:00:48"]

1. f4 Nf6 2. Nf3 b6 3. g3 Bb7 4. Bg2 e6 5. O-O Be7 6. d3 O-O 7. Nc3 d6 8. e4 Nbd7 9. Qe2 Ne8 10. Be3 f5 11. Nd4 Nc5 12. exf5 Bxg2 13. Qxg2 Nf6 14. b4 Ng4 15. Rae1 Nxe3 16. Rxe3 Bf6 17. Nce2 Bxd4 18. Nxd4 Qf6 19. c3 Na4 20. Nxe6 Rfc8 21. Nxc7 Rab8 22. Nd5 Qf7 23. Ne7+ Kh8 24. Nxc8 Rxc8 25. c4 Qxf5 26. Qe4 Qd7 27. Qe6 Qd8 28. Rfe1 1-0


[Site "https://www.chess.com"]

[Event "Titled Tuesday Blitz February 15 Late 2022"]
[White "Gatterer, Florian"]
[Black "Samarth, J Rao"]
[WhiteFideId "811688"]
[BlackFideId "46652370"]
[WhiteElo "2218"]
[BlackElo "1514"]
[Result "0-1"]
[Round "03"]
[TimeControl "180+1"]
[Date "2022.02.16"]
[WhiteClock "0:00:22"]
[BlackClock "0:00:32"]

1. Nf3 d5 2. e3 Nf6 3. c4 e6 4. Nc3 c6 5. b3 Nbd7 6. Bb2 e5 7. Qc2 e4 8. Nd4 Nb8 9. cxd5 cxd5 10. Ncb5 Na6 11. d3 Bd7 12. Bc3 Rc8 13. Qd2 exd3 14. Bxd3 Nc5 15. Nxa7 Nce4 16. Nxc8 Nxd2 17. Bxd2 Qxc8 18. Rc1 Qa8 19. Nb5 Qxa2 20. Ke2 Ne4 21. Rc2 Qxb3 22. Nc7+ Kd8 23. Ra1 Qxc2 24. Ra8+ Kxc7 25. Bxc2 Nxd2 26. Kxd2 Bb4+ 27. Kd1 Rxa8 0-1


[Site "https://www.chess.com"]

[Event "Titled Tuesday Blitz February 15 Late 2022"]
[White "Gelman, Alexander"]
[Black "Reprintsev, Alexander"]
[WhiteFideId "4118316"]
[BlackFideId "14100541"]
[WhiteElo "2375"]
[BlackElo "2126"]
[Result "0-1"]
[Round "03"]
[TimeControl "180+1"]
[Date "2022.02.16"]
[WhiteClock "0:00:05"]
[BlackClock "0:00:19"]

1. d4 d5 2. Nc3 Nf6 3. Bf4 a6 4. e3 c5 5. Nf3 Nbd7 6. a3 e6 7. h3 Be7 8. g4 b5 9. Bg2 Bb7 10. O-O h5 11. g5 Ne4 12. h4 Nxc3 13. bxc3 f6 14. a4 b4 15. cxb4 cxb4 16. Qd3 Kf7 17. Kh1 a5 18. Rg1 Ba6 19. Qd2 Nf8 20. Rae1 Ng6 21. Bg3 Bd6 22. Bh3 Bxg3 23. Rxg3 f5 24. Ne5+ Nxe5 25. dxe5 Qc7 26. g6+ Ke7 27. e4 dxe4 28. Qg5+ Ke8 29. Rd1 Rd8 30. Rgg1 Bc4 31. Rge1 Bd5 32. Qf4 Qxc2 33. Rc1 e3+ 34. Bg2 Bxg2+ 35. Kxg2 Qxf2+ 36. Qxf2 exf2 37. Kxf2 Ke7 38. Rc5 Rd2+ 39. Re2 Rd5 40. Rc7+ Rd7 41. Rc5 Ra8 42. Rb5 Raa7 43. Rc2 Rd4 44. Rc6 Rg4 45. Rcb6 Rxg6 46. Rb7+ Rxb7 47. Rxb7+ Kd8 48. Ke3 Rg4 49. Kd3 b3 50. Kc3 Rb4 51. Rxb4 axb4+ 52. Kxb3 f4 53. Kxb4 f3 0-1


[Site "https://www.chess.com"]

[Event "Titled Tuesday Blitz February 15 Late 2022"]
[White "Gledura, Benjamin"]
[Black "Tan, Jun Ying"]
[WhiteFideId "712779"]
[BlackFideId "5710413"]
[WhiteElo "2326"]
[BlackElo "1827"]
[Result "1-0"]
[Round "03"]
[TimeControl "180+1"]
[Date "2022.02.16"]
[WhiteClock "0:01:33"]
[BlackClock "0:00:39"]

1. d4 Nf6 2. c3 c5 3. Nf3 Qc7 4. g3 b6 5. Bg2 Bb7 6. O-O d6 7. a4 Nbd7 8. Na3 a6 9. Re1 g6 10. Qd3 Be4 11. Qd1 Bg7 12. Bf1 O-O 13. Nd2 Bb7 14. e4 cxd4 15. cxd4 d5 16. e5 Ne4 17. Nxe4 dxe4 18. Bg2 f5 19. Qb3+ Kh8 20. Bf4 Qc6 21. Rac1 Qd5 22. Qxd5 Bxd5 23. Rc7 Rfd8 24. Bg5 Bf8 25. Rec1 h6 26. Bd2 e6 27. Nc4 Rac8 28. Nd6 Rxc7 29. Rxc7 Bxd6 30. exd6 Nf6 31. Bxh6 Ne8 32. Bg5 Rxd6 33. Rc8 Bc6 34. Bf4 Rd5 35. Rxc6 Kg8 36. Rxe6 Kf7 37. Rxb6 Rxd4 38. Bf1 a5 39. b3 Rd1 40. Kg2 Nf6 41. Bc4+ Ke7 42. Bg5 1-0


[Site "https://www.chess.com"]

[Event "Titled Tuesday Blitz February 15 Late 2022"]
[White "Goltseva, Ekaterina"]
[Black "Antonova, Nadezhda"]
[WhiteFideId "24173770"]
[BlackFideId "14700182"]
[WhiteElo "2140"]
[BlackElo "1765"]
[Result "1-0"]
[Round "03"]
[TimeControl "180+1"]
[Date "2022.02.16"]
[WhiteClock "0:01:37"]
[BlackClock "0:00:22"]

1. d4 Nf6 2. c4 g6 3. Nc3 Bg7 4. e4 d6 5. Nge2 O-O 6. Ng3 e5 7. d5 c6 8. Be2 Na6 9. h4 h5 10. Bg5 cxd5 11. cxd5 Qb6 12. Qd2 Re8 13. O-O Bd7 14. Be3 Qd8 15. Rab1 Ng4 16. Bxg4 Bxg4 17. Bg5 Qd7 18. f3 b5 19. fxg4 hxg4 20. h5 f6 21. Bxf6 b4 22. Nce2 Nc5 23. hxg6 a5 24. Qg5 Rf8 25. Bxg7 Qxg7 26. Qxg4 Rxf1+ 27. Rxf1 Rf8 28. Nf5 Qd7 29. g7 Rf6 30. Nh6+ 1-0


[Site "https://www.chess.com"]

[Event "Titled Tuesday Blitz February 15 Late 2022"]
[White "Goryachkina, Aleksandra"]
[Black "Kostiukov, Alexandr"]
[WhiteFideId "4147103"]
[BlackFideId "14108100"]
[WhiteElo "2426"]
[BlackElo "2202"]
[Result "1-0"]
[Round "03"]
[TimeControl "180+1"]
[Date "2022.02.16"]
[WhiteClock "0:00:58"]
[BlackClock "0:00:13"]

1. e4 c5 2. Nf3 g6 3. c3 Bg7 4. d4 cxd4 5. cxd4 d5 6. e5 Nh6 7. Bb5+ Nc6 8. h3 O-O 9. O-O f6 10. Nc3 Nf5 11. Re1 fxe5 12. Bxc6 exd4 13. Bxd5+ Kh8 14. Ng5 dxc3 15. bxc3 e6 16. Bxe6 Bxe6 17. Nxe6 Qxd1 18. Rxd1 Rfe8 19. Nxg7 Kxg7 20. Rd7+ Re7 21. Rxe7+ Nxe7 22. Be3 Nc6 23. Rd1 Kf6 24. Rd7 1-0


[Site "https://www.chess.com"]

[Event "Titled Tuesday Blitz February 15 Late 2022"]
[White "Grigoriants, Sergey"]
[Black "Barp, Alberto"]
[WhiteFideId "4130804"]
[BlackFideId "872555"]
[WhiteElo "2502"]
[BlackElo "2229"]
[Result "1-0"]
[Round "03"]
[TimeControl "180+1"]
[Date "2022.02.15"]
[WhiteClock "0:00:06"]
[BlackClock "0:00:02"]

1. e4 e5 2. Nf3 Nc6 3. Bb5 a6 4. Ba4 d6 5. O-O Bd7 6. c4 Bg4 7. h3 Bxf3 8. Qxf3 Nf6 9. Nc3 Nd7 10. d3 Nd4 11. Qg3 c6 12. Be3 h5 13. f4 b5 14. Bb3 b4 15. Bxd4 exd4 16. Ne2 Qb6 17. Qf2 g6 18. f5 Bh6 19. Nxd4 Bg7 20. Nf3 Qxf2+ 21. Rxf2 gxf5 22. exf5 O-O-O 23. Re1 Bf6 24. d4 c5 25. Rd2 Nb6 26. Red1 a5 27. a4 bxa3 28. bxa3 a4 29. Ba2 Kc7 30. Kf1 Rhe8 31. dxc5 dxc5 32. Rxd8 Bxd8 33. Kf2 Bf6 34. g4 hxg4 35. hxg4 Nd7 36. g5 Be7 37. Bb1 Bd6 38. Bc2 Ne5 39. Bxa4 Ra8 40. Nxe5 Bxe5 41. Rd7+ Kb6 42. Bb5 f6 43. g6 Rxa3 44. g7 Rg3 45. Re7 Rg5 46. Rxe5 fxe5 47. f6 Ka5 48. f7 1-0


[Site "https://www.chess.com"]

[Event "Titled Tuesday Blitz February 15 Late 2022"]
[White "Hambleton, Aman"]
[Black "Krzywda, Andrzej"]
[WhiteFideId "2606577"]
[BlackFideId "1114565"]
[WhiteElo "2552"]
[BlackElo "2098"]
[Result "1-0"]
[Round "03"]
[TimeControl "180+1"]
[Date "2022.02.16"]
[WhiteClock "0:00:07"]
[BlackClock "0:00:02"]

1. d4 Nf6 2. Bf4 d5 3. e3 e6 4. Nf3 Bd6 5. Nbd2 c5 6. c3 Qc7 7. Bxd6 Qxd6 8. Ne5 Nc6 9. f4 O-O 10. Bd3 b6 11. O-O Ne7 12. g4 Bb7 13. Qf3 Ng6 14. g5 Nd7 15. Qh5 cxd4 16. exd4 Rfe8 17. Rae1 Ndf8 18. Ndf3 a5 19. Rf2 Qc7 20. Nxg6 hxg6 21. Qh4 Nd7 22. Ne5 Ba6 23. Bb1 Ra7 24. Re3 Kf8 25. Qh8+ Ke7 26. Qxg7 Kd8 27. Nxf7+ Kc8 28. Bxg6 Nf8 29. Bh5 Kb8 30. f5 Qc8 31. Qf6 Ree7 32. Nd6 Qd8 33. g6 Nd7 34. Qh4 Rc7 35. Rxe6 Rxe6 36. Qxd8+ Rc8 37. Nxc8 Bxc8 38. fxe6 Nc5 39. dxc5 bxc5 40. Qb6+ Ka8 41. Rf8 d4 42. Rxc8# 1-0


[Site "https://www.chess.com"]

[Event "Titled Tuesday Blitz February 15 Late 2022"]
[White "Hess, Robert"]
[Black "Dubov, Daniil"]
[WhiteFideId "2022036"]
[BlackFideId "24126055"]
[WhiteElo "2557"]
[BlackElo "2791"]
[Result "0-1"]
[Round "03"]
[TimeControl "180+1"]
[Date "2022.02.15"]
[WhiteClock "0:00:04"]
[BlackClock "0:01:07"]

1. b3 e5 2. Bb2 Nc6 3. d3 g6 4. Nd2 Bg7 5. g3 Nge7 6. Bg2 O-O 7. e3 d5 8. Ne2 h5 9. h3 Be6 10. a3 a5 11. Nf3 Qd6 12. d4 exd4 13. Nexd4 Nxd4 14. Bxd4 c5 15. Bxg7 Kxg7 16. O-O a4 17. Qd2 axb3 18. cxb3 Nc6 19. Rfc1 d4 20. exd4 Nxd4 21. Nxd4 cxd4 22. b4 Qd7 23. Qf4 Rac8 24. Rd1 Rfd8 25. Qe4 b5 26. h4 d3 27. Bf1 d2 28. Qe5+ f6 29. Qxb5 Qxb5 30. Bxb5 Bb3 31. Be2 Bxd1 32. Rxd1 Rc1 33. Kf1 Re8 34. Kg2 0-1


[Site "https://www.chess.com"]

[Event "Titled Tuesday Blitz February 15 Late 2022"]
[White "Indjic, Aleksandar"]
[Black "Dev, Shah"]
[WhiteFideId "911925"]
[BlackFideId "35019058"]
[WhiteElo "2616"]
[BlackElo "2098"]
[Result "1-0"]
[Round "03"]
[TimeControl "180+1"]
[Date "2022.02.15"]
[WhiteClock "0:02:14"]
[BlackClock "0:01:37"]

1. d4 d5 2. Nf3 Nf6 3. Bf4 e6 4. e3 c5 5. Nbd2 Bd6 6. Bg3 Qb6 7. Rb1 cxd4 8. exd4 Bxg3 9. hxg3 Nc6 10. c3 Bd7 11. Bd3 h6 12. Qe2 Qc7 13. Ne5 O-O 14. f4 Nxe5 15. fxe5 Ne8 16. g4 f6 17. Nf3 a6 18. g5 fxg5 19. Nxg5 Bb5 20. Nxe6 Bxd3 21. Qxd3 Qf7 22. Nxf8 Qxf8 23. Qf3 Qe7 24. Qxd5+ Kh8 25. O-O 1-0


[Site "https://www.chess.com"]